 Dungeon Crawl Stone Soup version 0.31-a0-1098-g6898e6545c (webtiles) character file.

Game seed: 8204741628848801302

266 Malachi the Changeling (level 6, -1/43 HPs)
             Began as a Merfolk Shapeshifter on Nov 30, 2023.
             Was a Follower of Cheibriados.
             Succumbed to a scorpion's poison
             ... on level 4 of the Dungeon.
             The game lasted 00:03:32 (2585 turns).

Malachi the Changeling (Merfolk Shapeshifter)       Turns: 2585, Time: 00:03:33

Health: -1/43      AC:  5    Str: 19    XL:     6   Next: 20%
Magic:  6/6        EV: 12    Int: 12    God:    Cheibriados [*.....]
Gold:   140        SH:  0    Dex: 17    Spells: 5/5 levels left

rFire   . .          .
                       - Unarmed
rCold   . . .        (no shield)
rNeg    . . .        i - +0 ring mail
rPois   .            (helmet currently unavailable)
rElec   .            (cloak currently unavailable)
rCorr   .            (gloves currently unavailable)
SInv    .            (boots currently unavailable)
Will    +....        (no amulet)
Stlth   +            (no ring)
HPRegen 0.27/turn    (no ring)
MPRegen 0.10/turn

%: no passive effects
@: lethally poisoned (-1 -> -10), beast-form, enlightened, flying, very slow
A: beast (slay +3), (nimble swimmer 2), mertail
a: Begin Untransformation, Renounce Religion, Bend Time


You were on level 4 of the Dungeon.
You worshipped Cheibriados.
Cheibriados was aware of your devotion.
You were a hulking beast.
You visited 1 branch of the dungeon, and saw 4 of its levels.

You collected 140 gold pieces.

Inventory:

Armour
 e - a +0 pair of gloves
 h - a +0 cloak
 i - a +0 ring mail (worn)
Talismans
 c - a beast talisman
 d - a flux talisman
 t - a serpent talisman
Wands
 r - a wand of charming (3)
Scrolls
 f - a scroll of identify
 k - 2 scrolls of teleportation
 p - a scroll of silence
 s - a scroll of fog
 u - a scroll of acquirement {unknown}
Potions
 a - 3 potions of enlightenment
 b - 2 potions of lignification
 g - a potion of attraction {unknown}
 j - a potion of curing {unknown}
 l - 4 potions of haste {unknown}
 m - 2 potions of mutation {unknown}
 n - 2 potions of might {unknown}
 o - a potion of brilliance {unknown}
 q - a potion of cancellation {unknown}


   Skills:
 - Level 1.1 Fighting
 - Level 2.7 Dodging
 + Level 5.6 Unarmed Combat
 * Level 6.6 Shapeshifting


You had 5 spell levels left.
You didn't know any spells.
Your spell library contained the following spells:

 Spells                   Type           Power      Damage    Failure   Level
 Shock                    Conj/Air       0%         1d3       50%         1
 Swiftness                Air            0%         N/A       86%         3
 Airstrike                Air            0%         2d(0-16)  99%         4
 Passage of Golubria      Tloc           0%         N/A       99%         4
 Silence                  Hex/Air        0%         N/A       100%        5
 Lehudib's Crystal Spear  Conj/Erth      0%         10d2      100%        8


Dungeon Overview and Level Annotations

Branches:
Dungeon (4/15)
 Temple: D:4-7

Altars:
Ashenzari
Cheibriados
Kikubaaqudgha
Ru


Innate Abilities, Weirdness & Mutations

You are a hulking beast.
Your limbs bulge with bestial killing power. (Slay +3)
((You are very nimble when in or above water. (Stealth+, EV+, Speed+++)))
Your lower body shifts to a powerful aquatic tail in water.


Message History

The scorpion barely misses you.
You hit the scorpion.
The scorpion is heavily wounded.
You feel sick. The scorpion stings you.
You hit the scorpion.
The scorpion is severely wounded.
You feel sick. The scorpion stings you.
You are more poisoned.
The scorpion poisons you! The scorpion barely misses you.
You hit the scorpion.
The scorpion is severely wounded.
You feel sick. The scorpion misses you.
You are too injured to fight recklessly!
You are too injured to fight recklessly!
Unknown command.
You hit the scorpion.
The scorpion is almost dead.
You feel sick. The scorpion stings you.
You are lethally poisoned!
The scorpion poisons you!
You hit the scorpion but do no damage.
The scorpion is almost dead.
* * * LOW HITPOINT WARNING * * *
You feel very sick. The scorpion stings you.
* * * LOW HITPOINT WARNING * * *
You hit the scorpion.
You kill the scorpion!
Cheibriados appreciates the change of pace.
* * * LOW HITPOINT WARNING * * *
You feel very sick.
You have reached level 6!
* * * LOW HITPOINT WARNING * * *
You feel very sick.
* * * LOW HITPOINT WARNING * * *
You feel very sick.
It was a potion of enlightenment.
You feel very buoyant.
You fly up into the air.
You die...

#....###...#...... .$...
##..........#.....
#....# ##........###...#
......##...............#
................[.......
.........#........#..#..
........####.....#####
........#........#
#......#h...#..##
##..##....###### #
#....## #.....##
...(.#.## .....### .....
#..# ...


There were no monsters in sight!

Vanquished Creatures
  A scorpion (D:4)
  An orc priest (D:3)
  10 adders
  3 worms
  2 dart slugs
  5 orcs (D:3)
  14 ball pythons
  8 bats
  5 endoplasms
  2 giant cockroaches (D:2)
  4 goblins
  3 hobgoblins
  A jackal (D:2)
  3 kobolds
  A quokka (D:3)
  10 frilled lizards
  7 rats
80 creatures vanquished.

Notes
Turn   | Place    | Note
-------+----------+-------------------------------------------
     0 | D:1      | Malachi the Merfolk Shapeshifter began the quest for the
                  | Orb.
     0 | D:1      | Reached XP level 1. HP: 15/15 MP: 1/1
   194 | D:1      | Reached XP level 2. HP: 21/21 MP: 2/2
   791 | D:2      | Reached XP level 3. HP: 23/26 MP: 3/3
  1060 | D:2      | Reached skill level 5 in Shapeshifting
  1171 | D:2      | Reached XP level 4. HP: 32/32 MP: 4/4
  1453 | D:2      | Reached XP level 5. HP: 31/37 MP: 5/5
  1558 | D:2      | Reached skill level 5 in Unarmed Combat
  1691 | D:3      | Found a faded altar of an unknown god.
  1721 | D:3      | Reached skill level 6 in Shapeshifting
  1736 | D:3      | Prayed at the altar of an unknown god.
  1736 | D:3      | Became a worshipper of Cheibriados the Contemplative
  1736 | D:3      | Reached * piety under Cheibriados
  1794 | D:3      | Found an ancient bone altar of Kikubaaqudgha.
  1977 | D:3      | Found a sacrificial altar of Ru.
  1980 | D:3      | Found a broken altar of Ashenzari.
  2490 | D:4      | Noticed an ogre
  2583 | D:4      | Reached XP level 6. HP: 8/43 MP: 6/6
  2584 | D:4      | HP: 1/43 [poisoned by a scorpion]
  2585 | D:4      | Succumbed to a scorpion's poison

Illustrated notes

Levels and vault maps discovered:
D:1:      dpeg_arrival_lava_temple_mockup, layout_loops_ring, minmay_octomino_j4
D:2:      minmay_diamond_boxcup, layout_rooms, minmay_snake_closets
D:3:      layout_basic, minitemple, basic_ecumenical_altar
D:4:      layout_cave_pools, mainiacjoe_overflow_alcove_1,
          mainiacjoe_overflow_six_doors_small, serial_shops, shop, uniq_duvessa

Skill      XL: |  1  2  3  4  5 |
---------------+----------------+-----
Unarmed Combat | 4 5 |  5.6
Shapeshifting  | 5 6 |  6.6
Fighting       | |  1.1
Dodging        | |  2.7

Action                     |  1- 3 |  4- 6 || total
---------------------------+-------+-------++-------
  Melee: Unarmed           |    83 |   135 ||   218
         Punch             |     1 |     2 ||     3
    Use: Scroll            |       |     3 ||     3
         Potion            |       |     1 ||     1
   Stab: Sleeping          |     1 |       ||     1
         Distracted        |     1 |       ||     1
 Armour: Animal skin       |     6 |       ||     6
         Ring mail         |    39 |    91 ||   130
  Dodge: Dodged            |    57 |    69 ||   126

Table legend: (Time is in decaauts)
 A = Elapsed time spent in this place.
 B = Non-inter-level travel time spent in this place.
 C = Inter-level travel time spent in this place.
 D = Time resting spent in this place.
 E = Time spent auto-exploring this place.
 F = Levels seen in this place.
 G = Mean time per level.
                   A        B        C        D        E       F      G
               +--------+--------+--------+--------+--------+-----+--------+
         Total |   2853 |   2754 |     99 |      0 |   2217 |   4 |  713.2 |
       Dungeon |   2853 |   2754 |     99 |      0 |   2217 |   4 |  713.2 |
               +--------+--------+--------+--------+--------+-----+--------+

Top non-repeatable levels by time:
     D:3: 1217 daAuts
     D:2: 908 daAuts
     D:1: 677 daAuts
     D:4: 50 daAuts
